 Dungeon Crawl Stone Soup version 0.22.0-16-gc6d26f6 (webtiles) character file.

37 dysrexia the Skirmisher (level 3, -1/35 HPs)
             Began as a Gnoll Abyssal Knight on Aug 18, 2018.
             Was a Believer of Lugonu.
             Killed by nerve-wracking pain
             ... invoked by a shadow imp
             ... summoned by Natasha
              (9 damage)
             ... on level 2 of the Dungeon.
             The game lasted 00:03:07 (1085 turns).

dysrexia the Skirmisher (Gnoll Abyssal Knight)      Turns: 1085, Time: 00:03:09

Health: -1/35      AC:  3    Str: 14    XL:     3   Next: 39%
Magic:  6/6        EV: 13    Int: 14    God:    Lugonu [**....]
Gold:   32         SH:  0    Dex: 15    Spells: 3/3 levels left

rFire    . . .     SeeInvis .   a - +1 mace
rCold    . . .     Gourm    .   (no shield)
rNeg     . . .     Faith    .   b - +0 leather armour
rPois    .         Spirit   .   (no helmet)
rElec    .         Reflect  .   (no cloak)
rCorr    .         Harm     .   (no gloves)
MR       .....                  (no boots)
Stlth    +.........             (no amulet)
HPRegen  0.11/turn              (no ring)
MPRegen  0.10/turn              (no ring)

@: no status effects
A: distributed training, fangs 1, strong nose
a: Depart the Abyss, Bend Space, Renounce Religion


You were on level 2 of the Dungeon.
You worshipped Lugonu.
Lugonu was pleased with you.
You were not hungry.

You visited 1 branch of the dungeon, and saw 2 of its levels.
You visited the Abyss 1 time.

You collected 32 gold pieces.

Inventory:

Hand Weapons
 a - a +1 mace (weapon)
Missiles
 l - 15 poisoned needles
Armour
 b - a +0 leather armour (worn)
Jewellery
 k - an uncursed amulet of rage {unknown}
Scrolls
 g - 2 scrolls of identify {unknown}
 h - 2 scrolls of magic mapping {unknown}
 j - a scroll of teleportation {unknown}
 n - a scroll of enchant weapon {unknown}
 o - 3 scrolls of blinking {unknown}
Comestibles
 c - a ration
 i - 7 chunks of flesh


   Skills:
 + Level 6.5 Fighting
 + Level 0.7 Short Blades
 + Level 0.7 Long Blades
 + Level 0.7 Axes
 + Level 4.5 Maces & Flails
 + Level 0.7 Polearms
 + Level 0.7 Staves
 + Level 0.7 Slings
 + Level 0.7 Bows
 + Level 0.7 Crossbows
 + Level 0.7 Throwing
 + Level 4.5 Armour
 + Level 2.6 Dodging
 + Level 0.7 Stealth
 + Level 0.7 Shields
 + Level 0.7 Unarmed Combat
 + Level 0.7 Spellcasting
 + Level 0.5 Conjurations
 + Level 0.5 Hexes
 + Level 0.5 Charms
 + Level 0.5 Summonings
 + Level 0.5 Necromancy
 + Level 0.5 Translocations
 + Level 0.5 Transmutations
 + Level 0.5 Fire Magic
 + Level 0.5 Ice Magic
 + Level 0.5 Air Magic
 + Level 0.5 Earth Magic
 + Level 0.5 Poison Magic
 + Level 4.5 Invocations
 + Level 0.7 Evocations


You had 3 spell levels left.
You didn't know any spells.
Your spell library was empty.

Dungeon Overview and Level Annotations

Branches:
Dungeon (2/15)

Altars:

Annotations:
D:2 Natasha


Innate Abilities, Weirdness & Mutations

Your experience applies equally to all skills.
You have very sharp teeth.
Your uncanny sense of smell can sniff out nearby items.


Message History

The shadow imp hits you but does no damage.
It was a potion of curing.
You feel better. Natasha claws you but does no damage.
The shadow imp hits you but does no damage.
It was a potion of cancellation.
Your magical effects are unravelling.
You feel magically purged.
You feel less wooden.
Your +0 leather armour unmelds from your body.
You feel yourself speed up.
You feel yourself slow down. Natasha claws you.
* * * LOW HITPOINT WARNING * * *
The shadow imp closely misses you.
You hit Natasha. You bite Natasha, but do no damage.
Natasha is heavily wounded.
The shadow imp barely misses you. Natasha barely misses you.
Natasha claws you but does no damage. The shadow imp gestures at you.
Pain shoots through your body!
You die...

.#.########.## #.# ..#.#
.#.# #.# #.# #.#.# .#.#
#.# #.# #.#.# .#.# ##+##
#.####.#.# ...# ##...##
#...)..<.# .### ##.....##
######.### ..##
##.......## ##.#
...####.........####...#.#
......+........5@h5.......
...####.........###....###
..## ##.......## #.##
.##### ##.....## # .....#
##...## .###.# ##'## .#
#.# #.## .###.#####.#.##
#.........###.#


You could see Natasha, a crimson imp and a shadow imp.

Vanquished Creatures
  A dart slug (D:1)
  2 leopard geckos (D:1)
  4 bats
  A giant cockroach (D:1)
  6 goblins
  5 hobgoblins
  A ball python (D:1)
  4 frilled lizards (D:1)
  5 kobolds (D:1)
  2 rats (D:1)
31 creatures vanquished.

Notes
Turn   | Place    | Note
-------+----------+-------------------------------------------
     0 | Abyss:1  | dysrexia the Gnoll Abyssal Knight began the quest for the Orb.
     0 | Abyss:1  | Reached XP level 1. HP: 23/23 MP: 3/3
    31 | D:1      | Escaped the Abyss
    95 | D:1      | Reached XP level 2. HP: 29/29 MP: 5/5
   617 | D:1      | Reached ** piety under Lugonu
   639 | D:1      | Reached XP level 3. HP: 34/35 MP: 6/6
  1064 | D:2      | Noticed Natasha
  1085 | D:2      | Killed from afar by a shadow imp

Action                   || total
-------------------------++-------
Melee: Mace              ||    98
       Bite              ||     8
  Use: Potion            ||     4
  Eat: Chunk             ||     1
Armor: Leather armour    ||    23
       Skin              ||     4
Dodge: Dodged            ||    72
